Map: 베를린그라드 - 래더

Players

DPGherO (herO) - Winner!

  • Race: Protoss Protoss
  • League: Master

Zoun

  • Race: Protoss Protoss
  • League: Master

Event: DreamHack SC2 Masters Last Chance 2022

VOD

Have the link to the VOD?

Description

Time

  • Played on: Dec. 15, 2021, 4:44 a.m.
  • Length: 6:31

All games in this series

Show
View Real Time Build Order
Export as new Build Order

DPGherO Protoss - Winner!

Build Orders: Oracle Opening 

Get SALT Encoding   

  12  0:00  Probe  
  13  0:12  Probe  
  14  0:17  Pylon  
  14  0:24  Probe (Chrono Boost)  
  16  0:36  Gateway, Probe (Chrono Boost)  
  16  0:43  Probe (Chrono Boost)  
  16  0:46  Assimilator  
  17  0:50  Probe  
  17  0:53  Assimilator  
  18  1:02  Probe (Chrono Boost)  
  19  1:06  Gateway  
  20  1:12  Probe (Chrono Boost)  
  20  1:17  Probe (Chrono Boost)  
  20  1:25  Cybernetics Core  
  21  1:29  Probe  
  22  1:36  Pylon  
  22  1:41  Probe  
  23  2:01  Stalker x2  
  26  2:02  Warp Gate  
  27  2:11  Pylon  
  27  2:16  Stargate  
  27  2:33  Stalker x2  
  31  2:39  Probe  
  32  2:57  Oracle (Chrono Boost)  
  35  3:10  Nexus  
  35  3:16  Probe  
  36  3:25  Twilight Council  
  36  3:28  Probe  
  36  3:31  Pylon  
  37  3:40  Probe  
  38  3:49  Gateway  
  39  3:59  Stalker x2  
  39  4:00  Blink (Chrono Boost)  
  42  4:11  Probe  
  43  4:25  Stalker  
  43  4:26  Stalker  
  43  4:30  Probe  
  48  4:31  Probe  
  51  4:50  Stalker  
  51  4:51  Stalker x2  
  55  4:55  Probe  
  55  4:56  Probe  
  55  5:13  Stalker x2  
  57  5:15  Probe  
  57  5:16  Probe  
  57  5:17  Stalker  
  57  5:20  Pylon  
  61  5:29  Probe  
  61  5:30  Pylon  
  62  5:36  Probe  
  59  5:43  Stalker  
  59  5:44  Stalker  
  59  5:54  Probe x2  
  59  6:02  Stalker  
  61  6:06  Stalker, Probe x2  
  61  6:07  Stalker  
  67  6:12  Pylon  
Show
View Real Time Build Order
Export as new Build Order

Zoun Protoss 

Build Orders: Phoenix Opening, Blink Stalkers 

Get SALT Encoding   

  12  0:00  Probe  
  13  0:12  Probe  
  14  0:16  Pylon  
  14  0:24  Probe (Chrono Boost)  
  16  0:36  Probe (Chrono Boost)  
  16  0:37  Gateway  
  16  0:43  Probe (Chrono Boost)  
  16  0:45  Assimilator  
  17  0:51  Probe  
  17  0:56  Assimilator  
  18  1:03  Probe (Chrono Boost)  
  19  1:07  Gateway  
  19  1:13  Probe (Chrono Boost)  
  19  1:17  Probe (Chrono Boost)  
  20  1:24  Cybernetics Core  
  21  1:29  Probe  
  22  1:35  Pylon  
  22  1:42  Probe  
  24  1:54  Probe  
  24  1:58  Warp Gate (Chrono Boost)  
  24  2:00  Stalker  
  24  2:01  Sentry  
  28  2:06  Probe  
  29  2:12  Pylon  
  29  2:20  Pylon  
  29  2:28  Stalker  
  31  2:30  Stalker  
  31  2:35  Phoenix  
  33  2:49  Nexus  
  33  2:56  Shield Battery  
  33  3:06  Probe  
  34  3:15  Twilight Council  
  33  3:21  Probe  
  33  3:25  Shield Battery  
  34  3:39  Stalker x2  
  38  3:44  Probe  
  38  3:45  Pylon  
  39  3:53  Blink (Chrono Boost)  
  39  4:01  Probe  
  40  4:04  Stalker  
  40  4:07  Probe (Chrono Boost)  
  43  4:15  Probe (Chrono Boost)  
  44  4:19  Probe (Chrono Boost)  
  44  4:23  Stalker  
  47  4:26  Probe (Chrono Boost)  
  47  4:28  Probe (Chrono Boost)  
  47  4:31  Probe (Chrono Boost)  
  49  4:32  Phoenix, Sentry  
  49  4:34  Probe  
  53  4:43  Probe  
  53  4:45  Robotics Facility  
  54  4:47  Stalker  
  56  4:53  Probe  
  56  4:55  Probe  
  56  4:57  Pylon  
  58  5:00  Stalker  
  58  5:05  Probe  
  57  5:13  Stalker  
  55  5:23  Stalker  
  57  5:29  Gateway  
  57  5:31  Immortal (Chrono Boost)  
  59  5:40  Stalker  
  53  5:48  Stalker  
  47  6:03  Stalker  
  47  6:13  Stalker  
  41  6:27  Stalker  

Tags
 
Add a new tag
Caveats
  • Supply blocks, unpowered buildings, or Contaminate may cause inaccurate times.
  • Supply counts are checked every 10 seconds.